 Dungeon Crawl Stone Soup version 0.13.2 (webtiles) character file.

158 sanboga the Covered (level 3, -3/33 HPs)
             Began as a Minotaur Fighter on Mar 1, 2017.
             Slain by an orc
             ... wielding a +0,+0 orcish war axe
              (4 damage)
             ... on Level 3 of the Dungeon.
             The game lasted 00:07:14 (1653 turns).

sanboga the Covered (Minotaur Fighter)              Turns: 1653, Time: 00:07:14

HP  -3/33        AC  3     Str 20      XL: 3   Next: 51%
MP   1/1         EV  6     Int  5      God:
Gold 109         SH 19     Dex 10      Spells:  0 memorised,  2 levels left

Res.Fire  : . . .   See Invis. : .   d - +1,+0 hand axe (flame)
Res.Cold  : . . .   Warding    : .   b - +0 scale mail
Life Prot.: . . .   Conserve   : .   c - +0 shield
Res.Poison: .       Res.Corr.  : .   (helmet restricted)
Res.Elec. : .       Clarity    : .   (no cloak)
Sust.Abil.: . .     Spirit.Shd : .   (no gloves)
Res.Mut.  : .       Stasis     : .   (no boots)
Res.Rott. : .       Flight     : .   (no amulet)
Saprovore : . . .                    (no ring)
                                     a - cursed -4 ring of protection

@: not resistant to hostile enchantments, extremely unstealthy
A: retaliatory headbutt, horns 2
a: no special abilities


You were on level 3 of the Dungeon.
You were not hungry.

You visited 1 branch of the dungeon, and saw 3 of its levels.

You collected 89 gold pieces.

Inventory:

Hand weapons
 d - a +1,+0 hand axe of flaming (weapon)
Armour
 b - a +0 scale mail (worn)
 c - a +0 shield (worn)
Comestibles
 h - 2 chokos
 k - a cheese
 l - a meat ration
 n - a honeycomb
 r - a pear
Scrolls
 e - 3 scrolls of identify
 g - 3 scrolls of remove curse
 j - a scroll of random uselessness {unknown}
 m - a scroll of enchant armour {unknown}
 p - 2 scrolls of teleportation {unknown}
 q - 2 scrolls of blinking {unknown}
Jewellery
 a - a cursed -4 ring of protection (left hand)
Potions
 f - 2 potions of curing {unknown}
 i - a potion of heal wounds {unknown}
 o - a potion of cure mutation {unknown}


   Skills:
 + Level 4.1 Fighting
   Level 2.6 Long Blades
 + Level 4.4 Armour
 + Level 1.0 Dodging
 + Level 4.1 Shields


You had 2 spell levels left.
You didn't know any spells.

Dungeon Overview and Level Annotations

Branches:
Dungeon (3/27)

Altars:
Makhleb
the Shining One


Innate Abilities, Weirdness & Mutations

You reflexively headbutt those who attack you in melee.
You have a pair of horns on your head.


Message History

An orc comes into view. It is wielding an orcish war axe.
There is a glowing golden altar of the Shining One here.
You closely miss the orc. Your headbutt misses the orc.
The orc wizard hits you but does no damage.
The orc hits you but does no damage.
You closely miss the orc. Your headbutt misses the orc.
You block the orc wizard's attack.
The orc hits you with an orcish morningstar!
The orc wizard hits you with an orcish dagger.
You closely miss the orc.
The orc wizard hits you with an orcish dagger.
You hit the orc. You burn the orc.
The orc is almost dead.
The orc hits you with an orcish morningstar.
* * * LOW HITPOINT WARNING * * *
The orc wizard gestures at you while chanting.
The magic dart hits you!
* * * LOW HITPOINT WARNING * * *
The orc hits you with an orcish war axe.
You die...

#### #.. #.#
###.####
#......##.## ###
#..)........
##.###.#.##.##.##
#o@o##.#...
#..#o#...####.#
#. #####.# # #
#.# #.#
#####.####.###
#...<.........
#.###.########
#...


You could see an orc wizard and 2 orcs.

Vanquished Creatures
  A worm (D:2)
  A giant gecko (D:1)
  An orc (D:3)
  A ball python (D:2)
  2 giant cockroaches
  3 hobgoblins (D:1)
  3 quokkas (D:2)
  7 bats
  5 giant newts (D:2)
  5 goblins
  4 jackals (D:1)
  A kobold (D:1)
  9 rats
43 creatures vanquished.

Notes
Turn   | Place    | Note
--------------------------------------------------------------
     0 | D:1      | sanboga, the Minotaur Fighter, began the quest for the Orb.
     0 | D:1      | Reached XP level 1. HP: 19/19 MP: 0/0
   301 | D:1      | Reached skill level 4 in Armour
   301 | D:1      | Reached XP level 2. HP: 24/26 MP: 0/0
  1002 | D:2      | Found a burning altar of Makhleb.
  1069 | D:2      | Reached XP level 3. HP: 31/33 MP: 1/1
  1318 | D:2      | Reached skill level 1 in Dodging
  1629 | D:3      | Found a glowing golden altar of the Shining One.
  1653 | D:3      | HP: 1/33 [orc wizard/magic dart (8)]
  1653 | D:3      | Slain by an orc

Action                   || total
-------------------------++-------
Melee: Falchion          ||    78
       Hand axe          ||    10
  Use: Scroll            ||     1
